 Dungeon Crawl Stone Soup version 0.20-a0-1023-gc4d110f (webtiles) character file.

148 AlphabetPasta the Charmwright (level 5, 0/42 HPs)
             Began as a Gnoll Skald on Apr 18, 2017.
             Was an Initiate of Ashenzari.
             Slain by a gnoll
             ... wielding a +0 flail
              (3 damage)
             ... on level 3 of the Dungeon.
             The game lasted 00:11:39 (3023 turns).

AlphabetPasta the Charmwright (Gnoll Skald)         Turns: 3023, Time: 00:11:39

Health: 0/42       AC:  6    Str:  8 (11) XL:     5   Next: 30%
Magic:  11/11      EV: 11    Int: 11 (14) God:    Ashenzari [......]
Gold:   178        SH:  0    Dex:  9 (13) Spells: 4/12 levels left

rFire    . . .     SeeInvis .   a - +0 hand axe
rCold    . . .     Gourm    .   (no shield)
rNeg     . . .     Faith    .   m - +0 ring mail
rPois    +         Spirit   .   (no helmet)
rElec    .         Reflect  .   g - +0 cloak
rCorr    .         Harm     .   (no gloves)
MR       .....                  (no boots)
Stlth    ..........             (no amulet)
Regen    0.2/turn               f - ring of poison resistance (curse)
MPRegen  0.2/turn               (no ring)

@: singing (expiring)
A: short attention span, fangs 1, strong nose
a: Curse Item, Renounce Religion


You were on level 3 of the Dungeon.
You worshipped Ashenzari.
Ashenzari was noncommittal.
You were not hungry.

You visited 1 branch of the dungeon, and saw 4 of its levels.

You collected 178 gold pieces.

Inventory:

Hand Weapons
 a - a +0 hand axe (weapon)
Armour
 b - a +0 leather armour
 g - a +0 cloak (worn)
 m - a +0 ring mail (worn)
Jewellery
 f - a cursed ring of poison resistance (left hand)
Potions
 i - a potion of degeneration
 n - a potion of agility {unknown}
Books
 c - a book of Battle

   Spells                             Type                      Level
   a - Infusion                       Charms                       1
   b - Shroud of Golubria             Charms/Translocation         2
   c - Song of Slaying                Charms                       2
   d - Spectral Weapon                Hexes/Charms                 3
   e - Regeneration                   Charms/Necromancy            3
Comestibles
 d - 2 bread rations
 j - a royal jelly
 k - 4 chunks of flesh
 l - 2 meat rations


   Skills:
 + Level 3.7 Fighting
 * Level 4.3 Axes
 + Level 1.9 Throwing
 + Level 2.3 Armour
 + Level 3.6 Dodging
 + Level 4.2 Spellcasting
 * Level 5.9 Charms


You had 4 spell levels left.
You knew the following spells:

 Your Spells              Type           Power        Failure   Level  Hunger
a - Infusion              Chrm           ###.         6%          1    #......
b - Song of Slaying       Chrm           ###.....     10%         2    ##.....
c - Shroud of Golubria    Chrm/Tloc      #.........   30%         2    ##.....
d - Regeneration          Chrm/Necr      #.........   52%         3    ###....


Dungeon Overview and Level Annotations

Branches:
Dungeon (4/15)
 Temple: D:4-7

Altars:
Ashenzari
Cheibriados
Dithmenos
Gozag
Okawaru

Annotations:
D:3 Eustachio


Innate Abilities, Weirdness & Mutations

You have a short attention span.
You have very sharp teeth.
Your uncanny sense of smell can sniff out nearby items.


Message History

There is a stone staircase leading down here.
It was a potion of degeneration.
There was something very wrong with that liquid.
You feel weakened.
You feel dopey.
You feel clumsy. The gnoll misses you.
It was a potion of curing.
You feel better.
Eustachio gestures wildly while chanting.
You hit the gnoll.
The gnoll is severely wounded.
You closely miss Eustachio.
Your song is almost over.
The bat hits you.
* * * LOW HITPOINT WARNING * * *
The gnoll closely misses you.
Eustachio mumbles some strange words.
It was a potion of magic.
Magic courses through your body. The bat hits you but does no damage.
Eustachio hits you with a mace.
* * * LOW HITPOINT WARNING * * *
The gnoll hits you with a flail.
You die...

.##.#####.#.# ########.#.#######.
..........#.# #.#.#######.
###.#######.# #........... .##.#
#.# ###.######## .##.# #.# #.#
....# #####.####### #.# ..###
#...........# ####### ..#
#.###.#####.## #_..._# ..# #.#
#.####@b.## #≈#'#≈# ..# #.#
#....@g...# ###.###
..#####.###.####br..# #...######
............# ##†#[####.........
..#####.###.#####.#[...........^.
....................############.
..###.#.#.#.#####.#.# #.
...............##.#.# #.
#..##.#.#.#.##.##.#.# #.


You could see Eustachio, a gnoll, 2 bats and a rat.

Vanquished Creatures
  A worker ant (D:4)
  2 gnolls
  4 adders
  A worm (D:2)
  2 dart slugs
  7 orcs
  4 bats
  A giant cockroach (D:1)
  13 goblins
  6 hobgoblins
  A quokka (D:3)
  4 frilled lizards
  9 kobolds
  3 rats
58 creatures vanquished.

Notes
Turn   | Place    | Note
-------+----------+-------------------------------------------
     0 | D:1      | AlphabetPasta the Gnoll Skald began the quest for the Orb.
     0 | D:1      | Reached XP level 1. HP: 18/18 MP: 4/4
   104 | D:1      | Reached XP level 2. HP: 19/24 MP: 1/6
   681 | D:1      | Reached skill level 1 in Throwing
   712 | D:1      | Learned a level 2 spell: Song of Slaying
   715 | D:1      | Learned a level 2 spell: Shroud of Golubria
   871 | D:2      | Reached XP level 3. HP: 29/29 MP: 8/8
   876 | D:2      | Learned a level 3 spell: Regeneration
   955 | D:2      | Found a snail-covered altar of Cheibriados.
  1097 | D:2      | Found an iron altar of Okawaru.
  1107 | D:2      | Reached skill level 5 in Charms
  1334 | D:3      | Learned a level 3 spell: Regeneration
  1355 | D:2      | Found an opulent altar of Gozag.
  1487 | D:3      | Found a shattered altar of Ashenzari.
  1487 | D:3      | Found a shadowy altar of Dithmenos.
  1490 | D:3      | Became a worshipper of Ashenzari the Shackled
  1511 | D:3      | Reached XP level 4. HP: 20/35 MP: 2/9
  2220 | D:4      | Reached XP level 5. HP: 35/41 MP: 5/11
  2226 | D:4      | Noticed Eustachio
  3018 | D:4      | HP: 1/42 [Eustachio/mace (3)]
  3023 | D:3      | Slain by a gnoll

Vault maps used:
D:1:      dpeg_arrival_short_road, minmay_misc_feat_rows, serial_bayou_crossing
D:2:      lemuel_upstairs_altar, lemuel_doored_altar, overflow_temple_1_default
D:3:      gammafunk_temple_overflow_elements
D:4:      first_bread, uniq_menkaure, uniq_eustachio

Skill      XL: |  1  2  3  4 |
---------------+-------------+-----
Throwing       | 1 |  1.9
Charms         | 5 |  5.9
Armour         | 2 |  2.3
Axes           | 4 |  4.3
Spellcasting   | 4 |  4.2
Fighting       | |  3.7
Dodging        | |  3.6

Action                   |  1- 3 |  4- 6 || total
-------------------------+-------+-------++-------
Melee: Hand axe          |   105 |   150 ||   255
       Bite              |    13 |    15 ||    28
 Cast: Infusion          |    16 |    14 ||    30
       Song of Slaying   |       |     1 ||     1
Invok: Curse Item        |       |     1 ||     1
  Use: Scroll            |     3 |     1 ||     4
       Potion            |       |     3 ||     3
  Eat: Chunk             |     2 |     3 ||     5
       Royal jelly       |       |     1 ||     1
Armor: Leather armour    |    20 |       ||    20
       Ring mail         |    11 |    81 ||    92
Dodge: Dodged            |    67 |   145 ||   212
